 Dungeon Crawl Stone Soup version 0.18.1-47-g9310371 (console) character file.

8470 Kloppie the Spear-Bearer (level 11, -2/101 HPs)
             Began as a Minotaur Gladiator on June 16, 2016.
             Was an Elder of Okawaru.
             Slain by an eight-headed hydra (5 damage)
             ... on level 1 of the Lair of Beasts.
             The game lasted 00:16:15 (9900 turns).

Kloppie the Spear-Bearer (Minotaur Gladiator)       Turns: 9900, Time: 00:16:15

Health: -2/101     AC:  6    Str: 20    XL:     11   Next: 10%
Magic:  0/10       EV: 16    Int:  5    God:    Okawaru [****..]
Gold:   594        SH:  0    Dex: 14    Spells: 0 memorised, 10 levels left

rFire  + . .     SeeInvis .     a - +5 trident
rCold  . . .     Gourm    .     y - +0 ring mail {rF+}
rNeg   . . .     Faith    .     (no shield)
rPois  +         Spirit   +     c - +0 hat
rElec  .         Dismiss  .     O - +0 cloak
rCorr  .         Reflect  .     (no gloves)
SustAt .         Harm     .     (no boots)
MR     .....                    u - amulet of guardian spirit
Stlth  +.........               x - ring of poison resistance
                                q - +2 ring of slaying

@: very slightly contaminated, hasted, very quick, not resistant to hostile
enchantments, very unstealthy
A: retaliatory headbutt, horns 2
a: Heroism, Renounce Religion


You were on level 1 of the Lair of Beasts.
You worshipped Okawaru.
Okawaru was greatly pleased with you.
You were not hungry.

You visited 2 branches of the dungeon, and saw 11 of its levels.

You collected 594 gold pieces.

Inventory:

Hand Weapons
 a - a +5 trident (weapon)
 b - a +1 glaive of flaming
 v - a +0 halberd of protection
 G - a +0 trident
Missiles
 d - a throwing net (quivered)
Armour
 c - a +0 hat (worn)
 y - a +0 ring mail of fire resistance (worn)
 O - a +0 cloak (worn)
Jewellery
 k - an uncursed amulet of faith
 n - an uncursed amulet of rage
 q - a +2 ring of slaying (left hand)
 s - an uncursed amulet of harm
 u - an amulet of guardian spirit (around neck)
 x - a ring of poison resistance (right hand)
 z - an uncursed ring of magical power {unknown}
 I - an uncursed ring of sustain attributes
Wands
 t - a wand of digging (9/24)
 K - a wand of paralysis (7/24)
Scrolls
 g - a scroll of enchant weapon
 i - a scroll of blinking
 m - a scroll of holy word {unknown}
 o - a scroll of fog
 p - 4 scrolls of teleportation
 A - 2 scrolls of remove curse
 F - 4 scrolls of noise
 L - a scroll of magic mapping
Potions
 e - a potion of magic
 h - 2 potions of resistance
 j - a potion of brilliance
 w - a potion of cure mutation
 B - 3 potions of lignification {unknown}
Books
 E - a book of Fire

   Spells                             Type                      Level
   a - Ignite Poison                  Fire/Transmutation/Poison    3
   b - Fireball                       Conjuration/Fire             5
   c - Bolt of Fire                   Conjuration/Fire             6
   d - Delayed Fireball               Conjuration/Fire             7
   e - Ring of Flames                 Charms/Fire                  7
Comestibles
 f - 6 bread rations
 l - a chunk of flesh
 r - 2 slices of pizza
 D - 14 fruits
 H - a beef jerky


   Skills:
 + Level 10.5 Fighting
 * Level 14.3 Polearms
 - Level 2.0 Throwing
 + Level 10.1 Dodging


You had 10 spell levels left.
You didn't know any spells.

Dungeon Overview and Level Annotations

Branches:
Dungeon (10/15)            Temple (0/1) D:4            Lair (1/8) D:10
    Orc: D:9-12

Altars:
Cheibriados
Nemelex Xobeh
Okawaru
Sif Muna
Xom
Zin
The Shining One


Innate Abilities, Weirdness & Mutations

You reflexively headbutt those who attack you in melee.
You have a pair of horns on your head.


Message History

* * * LOW HITPOINT WARNING * * *
The eight-headed hydra closely misses you.
The eight-headed hydra bites you!
* * * LOW HITPOINT WARNING * * *
You are very lightly contaminated with residual magic.
You impale the eight-headed hydra!! You headbutt the eight-headed hydra.
The eight-headed hydra is heavily wounded.
You hit the eight-headed hydra.
The eight-headed hydra is heavily wounded.
The eight-headed hydra bites you!
* * * LOW HITPOINT WARNING * * *
The eight-headed hydra bites you.
* * * LOW HITPOINT WARNING * * *
The eight-headed hydra barely misses you.
The eight-headed hydra bites you!
* * * LOW HITPOINT WARNING * * *
The eight-headed hydra bites you!
* * * LOW HITPOINT WARNING * * *
The eight-headed hydra bites you.
You die...

....
.+.......'.###.......
..8.
#.......##.##.......
..D..##
#.......######+#####
8....#. ##P#'####
..... ###..#### #...
#.#....#
#...##########.#
##..8...#######'##
...........D@(.....#
....##..#..........#
... #............^# .
................##
...#......†......#
...##............##
...#.............P#
####+#####..#### ####


You could see an eight-headed hydra.

Vanquished Creatures
  Maud (D:10)
  A hydra (Lair:1)
  Maurice (D:10)
  A spiny frog (Lair:1)
  A komodo dragon (Lair:1)
  2 wyverns
  6 yaks (D:9)
  A hungry ghost (D:8)
  2 water moccasins
  Duvessa (D:6)
  4 orc warriors
  2 porcupines (Lair:1)
  2 necrophages (D:8)
  2 sky beasts
  2 ogres
  2 phantoms
  2 centaurs
  A crocodile (Lair:1)
  7 giant frogs
  A gnoll sergeant (D:7)
  Dowan (D:6)
  A scorpion (D:4)
  6 killer bees
  3 wights (D:7)
  2 crimson imps
  2 jellies (D:9)
  A quasit (D:6)
  3 centaur skeletons
  5 orc priests
  4 hounds
  8 orc wizards
  3 iguanas
  A giant frog skeleton (D:9)
  Terence (D:3)
  6 worker ants
  2 hound zombies (D:9)
  A hound skeleton (D:8)
  2 worker ant zombies
  11 gnolls
  A howler monkey skeleton (D:6)
  16 adders
  9 river rats (Lair:1)
  3 shadow imps
  An ooze (D:3)
  2 adder skeletons (D:4)
  A worm (D:5)
  4 dart slugs
  5 giant geckos
  30 orcs
  3 ball pythons (D:3)
  10 bats
  6 giant cockroaches
  3 goblins
  5 hobgoblins
  23 jackals
  4 quokkas
  A giant gecko skeleton (D:7)
  4 giant newts
  9 kobolds
  A quokka zombie (D:6)
  4 rats
250 creatures vanquished.

Vanquished Creatures (others)
  15 fungi (D:10)
  3 plants (D:10)
18 creatures vanquished.

Grand Total: 268 creatures vanquished

Notes
Turn   | Place    | Note
--------------------------------------------------------------
     0 | D:1      | Kloppie the Minotaur Gladiator began the quest for the Orb.
     0 | D:1      | Reached XP level 1. HP: 18/18 MP: 0/0
    15 | D:1      | Reached skill level 4 in Polearms
    15 | D:1      | Reached XP level 2. HP: 25/25 MP: 1/1
   310 | D:1      | Found a glowing golden altar of the Shining One.
   649 | D:2      | Reached XP level 3. HP: 9/31 MP: 2/2
   978 | D:2      | Found a faded altar to an unknown god.
  1038 | D:2      | Reached XP level 4. HP: 31/38 MP: 3/3
  1104 | D:2      | Reached skill level 5 in Polearms
  1633 | D:3      | Reached XP level 5. HP: 46/46 MP: 4/4
  1870 | D:3      | Noticed Terence
  1877 | D:3      | Killed Terence
  2061 | D:3      | Reached skill level 6 in Polearms
  2495 | D:4      | Found a staircase to the Ecumenical Temple.
  2495 | D:4      | Noticed an ogre
  2502 | D:4      | Killed an ogre
  2502 | D:4      | Reached XP level 6. HP: 49/53 MP: 5/5
  2604 | D:4      | Found a sparkling altar of Nemelex Xobeh.
  2741 | D:4      | Reached skill level 5 in Dodging
  3028 | D:4      | Reached skill level 7 in Polearms
  3287 | D:4      | Reached skill level 5 in Fighting
  3287 | D:4      | Reached XP level 7. HP: 61/61 MP: 6/6
  3477 | D:5      | Entered Level 5 of the Dungeon
  4165 | D:5      | Reached skill level 8 in Polearms
  4419 | D:6      | Reached XP level 8. HP: 57/70 MP: 4/7
  4509 | D:6      | Noticed Duvessa
  4509 | D:6      | Noticed Dowan
  4515 | D:6      | Killed Duvessa
  4515 | D:6      | Reached skill level 9 in Polearms
  4527 | D:6      | Killed Dowan
  5020 | D:6      | Found a deep blue altar of Sif Muna.
  5405 | D:7      | Found a glowing silver altar of Zin.
  5486 | D:6      | Reached skill level 10 in Polearms
  5753 | D:7      | Reached XP level 9. HP: 60/79 MP: 3/8
  6544 | D:8      | Reached skill level 11 in Polearms
  6706 | D:8      | Found a shimmering altar of Xom.
  6980 | D:7      | Found an iron altar of Okawaru.
  7271 | D:7      | Became a worshipper of Warmaster Okawaru
  7309 | D:9      | Found a snail-covered altar of Cheibriados.
  7321 | D:9      | Reached skill level 12 in Polearms
  7866 | D:9      | Reached * piety under Okawaru
  7866 | D:9      | Reached XP level 10. HP: 89/90 MP: 9/9
  7899 | D:9      | Identified a scroll of acquirement
  8000 | D:10     | Entered Level 10 of the Dungeon
  8027 | D:10     | Found a staircase to the Lair.
  8031 | D:10     | Noticed Maud
  8798 | D:10     | Got a faintly humming leather armour
  8809 | D:10     | Identified the +0 leather armour of the First Lies {rF+} (You found it on level 10 of the Dungeon)
  8927 | D:10     | Noticed Maurice
  8933 | D:10     | Reached skill level 13 in Polearms
  8938 | D:10     | Killed Maurice
  9016 | D:10     | Killed Maud
  9016 | D:10     | Reached ** piety under Okawaru
  9016 | D:10     | Reached *** piety under Okawaru
  9016 | D:10     | Reached skill level 10 in Fighting
  9286 | Lair:1   | Entered Level 1 of the Lair of Beasts
  9582 | Lair:1   | Noticed a four-headed hydra
  9599 | Lair:1   | Killed a four-headed hydra
  9599 | Lair:1   | Reached skill level 14 in Polearms
  9599 | Lair:1   | Reached skill level 10 in Dodging
  9599 | Lair:1   | Reached XP level 11. HP: 58/101 MP: 5/10
  9843 | Lair:1   | Reached **** piety under Okawaru
  9882 | Lair:1   | Noticed an eight-headed hydra
  9895 | Lair:1   | Received a gift from Okawaru
  9900 | Lair:1   | HP: 3/101 [eight-headed hydra (8)]
  9900 | Lair:1   | Slain by an eight-headed hydra

Skill      XL: |  1  2  3  4  5  6  7  8  9 10 |
---------------+-------------------------------+-----
Polearms       | 4 5 6 7 8 10 12 14 | 14.3
Fighting       | 3 4 5 7 8 10 | 10.5
Dodging        | 4 5 6 7 8 10 | 10.1
Throwing       | |  2.0

Action                   |  1- 3 |  4- 6 |  7- 9 | 10-12 || total
-------------------------+-------+-------+-------+-------++-------
Melee: Trident           |    58 |   202 |   347 |   178 ||   785
       Headbutt          |     5 |    23 |    53 |    41 ||   122
Throw: Throwing net      |     2 |     1 |     1 |       ||     4
Invok: Heroism           |       |       |       |     2 ||     2
Evoke: Wand              |       |       |       |     1 ||     1
  Use: Scroll            |       |       |    24 |     5 ||    29
       Potion            |       |       |     5 |     5 ||    10
 Stab: Sleeping          |     1 |       |       |       ||     1
       Held in net/web   |     1 |       |     1 |       ||     2
  Eat: Chunk             |       |     8 |     7 |     4 ||    19
       Meat ration       |       |       |     2 |     1 ||     3
Armor: Leather armour    |    17 |    16 |       |       ||    33
       Ring mail         |       |    12 |    53 |    25 ||    90
Dodge: Dodged            |    35 |   104 |   141 |   117 ||   397
